 Dungeon Crawl Stone Soup version 0.24.0-13-gcf9b319 (webtiles) character file.

Game seed: 6395374167519716015, levelgen mode: deterministic

88 Bronimir the Grasshopper (level 4, -1/37 HPs)
             Began as a Centaur Warper on Apr 3, 2020.
             Hit by a stone thrown by a kobold (3 damage)
             ... on level 2 of the Dungeon.
             The game lasted 00:03:14 (1944 turns).

Bronimir the Grasshopper (Centaur Warper)           Turns: 1944, Time: 00:03:15

Health: -1/37      AC:  5    Str: 13 (15) XL:     4   Next: 29%
Magic:  2/6        EV:  9    Int: 11 (12) God:
Gold:   26         SH:  0    Dex:  8      Spells: 2/6 levels left

rFire    . . .     SeeInvis .   a - +0 spear
rCold    . . .     Gourm    .   (no shield)
rNeg     . . .     Faith    .   b - +0 leather armour
rPois    .         Spirit   .   j - +0 helmet
rElec    .         Reflect  .   (no cloak)
rCorr    .         Harm     .   (no gloves)
MR       .....                  (no barding)
Stlth    ..........             (no amulet)
HPRegen  0.12/turn              (no ring)
MPRegen  0.10/turn              (no ring)

@: very slightly contaminated, very quick
A: large, hooves 3, deformed body, speed 2, tough skin 3
a: no special abilities


You were on level 2 of the Dungeon.
You were not hungry.

You visited 1 branch of the dungeon, and saw 2 of its levels.

You collected 26 gold pieces.

Inventory:

Hand Weapons
 a - a +0 spear (weapon)
Missiles
 c - 95 stones
 g - 4 poisoned darts (quivered)
 m - 31 arrows
 o - 2 javelins
Armour
 b - a +0 leather armour (worn)
 h - a +0 ring mail
 j - a +0 helmet (worn)
Jewellery
 i - an uncursed ring of protection from fire {unknown}
Scrolls
 d - a scroll of teleportation {unknown}
 k - a scroll of amnesia {unknown}
 l - 2 scrolls of identify {unknown}
 p - a scroll of remove curse {unknown}
Potions
 e - a potion of haste {unknown}
 n - a potion of heal wounds {unknown}


   Skills:
 * Level 2.5 Fighting
 * Level 2.7 Polearms
 + Level 1.2 Throwing
 + Level 0.9 Armour
 * Level 1.8 Dodging
 + Level 1.8 Spellcasting
 * Level 3.1 Translocations


You had 2 spell levels left.
You knew the following spells:

 Your Spells              Type           Power        Failure   Level  Hunger
a - Blink                 Tloc           N/A          16%         2    ###....
b - Shroud of Golubria    Chrm/Tloc      #.....       30%         2    ###....

Your spell library contained the following spells:

 Spells                   Type           Power        Failure   Level  Hunger
 Gell's Gravitas          Tloc           #.........   30%         3    ####...
 Lesser Beckoning         Tloc           #.........   30%         3    ####...
 Teleport Other           Tloc           #.......     30%         3    ####...
 Passage of Golubria      Tloc           N/A          71%         4    #####..


Dungeon Overview and Level Annotations

Branches:
Dungeon (2/15)

Altars:
Xom


Innate Abilities, Weirdness & Mutations

You have hooves in place of feet.
Armour fits poorly on your strangely shaped body.
You cover ground very quickly.
You have extremely tough skin. (AC +3)


Message History

The gnoll hits you with a +0 spear.
You barely miss the gnoll.
The gnoll is lightly wounded.
The gnoll hits you with a +0 spear!
* * * LOW HITPOINT WARNING * * *
You hit the gnoll but do no damage.
The gnoll is lightly wounded.
The gnoll hits you but does no damage.
Casting: Blink (safe; 16% risk of failure)
Confirm with . or Enter, or press ? or * to list all spells.
You miscast Blink.
You are very lightly contaminated with residual magic.
You spin around.
The gnoll hits you with a +0 spear!
* * * LOW HITPOINT WARNING * * *
Casting: Blink (safe; 16% risk of failure)
Confirm with . or Enter, or press ? or * to list all spells.
You blink.
The kobold shouts!
The kobold throws a stone.
The stone hits you.
You die...

............... #.# .
[..).....K..... #.# ...
.....##h.....). ##.###.?...
#######......## #...r(K...(
#.#.#..####.S###g....
#####.#..#........g# ...
#.............####..# #
#...##.#####.#..## #.#.# ##
#.# #....@## .#.#
######h#####......###...###
.............r............
#####.#######.#....###..#
#K# #.###)...#..# #.# #.
#..#g.# ##.# #. #..##.#
#h.# #..##ยง##### #.##
#...<.....#


You could see a gnoll, a kobold and a rat.

Vanquished Creatures
  3 gnolls
  2 adders (D:2)
  A dart slug (D:1)
  3 leopard geckos (D:1)
  3 giant cockroaches
  5 goblins
  2 hobgoblins (D:1)
  5 jackals (D:2)
  A kobold (D:2)
  A ball python (D:1)
  5 bats
  2 frilled lizards (D:2)
  4 rats
37 creatures vanquished.

Notes
Turn   | Place    | Note
-------+----------+-------------------------------------------
     0 | D:1      | Bronimir the Centaur Warper began the quest for the Orb.
     0 | D:1      | Reached XP level 1. HP: 17/17 MP: 3/3
   267 | D:1      | Reached XP level 2. HP: 20/24 MP: 4/4
   438 | D:1      | Learned a level 2 spell: Blink
   441 | D:1      | Learned a level 2 spell: Shroud of Golubria
   597 | D:1      | You fall into a shaft and drop 1 floor!
   649 | D:2      | Found a shimmering altar of Xom.
   665 | D:1      | HP: 1/24 [bat (1)]
  1272 | D:1      | Reached XP level 3. HP: 25/29 MP: 5/5
  1387 | D:2      | Reached XP level 4. HP: 22/37 MP: 6/6
  1405 | D:2      | Reached skill level 3 in Translocations
  1632 | D:2      | HP: 1/37 [gnoll/+0 spear (4)]
  1944 | D:2      | Hit by a stone thrown by a kobold

Levels and vault maps discovered:
D:1:      wheals_arrival_shading, layout_loops_corners
D:2:      layout_rooms, xom_teletrap_fun, chequers_ecumenical_altar_simple,
          first_ration

Skill      XL: |  1  2  3  4 |
---------------+-------------+-----
Polearms       | 2 |  2.7
Translocations | 3 |  3.1
Fighting       | |  2.5
Throwing       | |  1.2
Armour         | |  0.9
Dodging        | |  1.8
Spellcasting   | |  1.8

Action                   |  1- 3 |  4- 6 || total
-------------------------+-------+-------++-------
Melee: Spear             |   106 |    29 ||   135
       Kick              |    13 |     2 ||    15
Throw: Boomerang         |     5 |       ||     5
       Dart              |    11 |       ||    11
 Cast: Blink             |     1 |     1 ||     2
  Use: Scroll            |     1 |       ||     1
       Potion            |     1 |       ||     1
  Eat: Ration            |       |     1 ||     1
Armor: Leather armour    |    67 |     6 ||    73
Dodge: Dodged            |    91 |    21 ||   112
